 Dungeon Crawl Stone Soup version 0.25.1-1-g288607f5aa (webtiles) character file.

Game seed: 9955324686530306695

392232 Peloso the Hoplite (level 22, -7/209 HPs)
             Began as a Minotaur Fighter on July 21, 2020.
             Was the Champion of Okawaru.
             Mangled by a tentacled monstrosity (8 damage)
             ... on level 5 of the Vaults.
             The game lasted 02:46:04 (61848 turns).

Peloso the Hoplite (Minotaur Fighter)              Turns: 61848, Time: 02:46:05

Health: -7/209     AC: 18    Str: 38    XL:     22   Next: 11%
Magic:  21/23      EV: 15    Int:  8    God:    Okawaru [******]
Gold:   3255       SH: 31    Dex: 18    Spells: 21/21 levels left

rFire    . . .     SeeInvis +   a - +4 double sword (venom)
rCold    + . .     Gourm    .   c - +1 tower shield of Pandemonium {Harm Dex+4 SInv}
rNeg     . . .     Faith    +   g - +4 plate armour {MR+}
rPois    +         Spirit   .   S - +2 hat {SInv}
rElec    .         Reflect  .   y - scarf {rC+ rF+}
rCorr    .         Harm     +   W - +0 pair of gloves {Str+3}
MR       ++...                  t - +0 pair of boots
Stlth    +.........             T - amulet of faith
HPRegen  0.44/turn              u - ring of poison resistance
MPRegen  0.18/turn              r - ring of Doubts {rF- Str+10 Int+3 Stlth+}

@: heroism, marked, corroded, constricted
A: retaliatory headbutt, horns 2, weak 1
}: 2/15 runes: barnacled, gossamer
a: Heroism, Finesse, Renounce Religion


You were on level 5 of the Vaults.
You worshipped Okawaru.
Okawaru was exalted by your worship.
You were not hungry.

You visited 8 branches of the dungeon, and saw 40 of its levels.
You visited the Abyss 1 time.
You visited 1 bazaar.
You also visited: Sewer, Ice Cave and Volcano.

You collected 6766 gold pieces.
You spent 3511 gold pieces at shops.

Inventory:

Hand Weapons
 a - a +4 double sword of venom (weapon)
 b - a +4 scimitar of flaming
 d - the +9 hand crossbow "Jisi Negola" {elec, rC+ MR- Str+10}
   (You bought it in a shop on level 1 of the Orcish Mines)

   It charges the ammunition it shoots with electricity; occasionally upon a
   hit, such missiles may discharge and cause terrible harm.
   It affects your strength (+10).
   It protects you from cold.
   It affects your resistance to hostile enchantments.
Missiles
 n - 831 bolts
Armour
 c - the +1 tower shield of Pandemonium (worn) {Harm Dex+4 SInv}
   (Okawaru gifted it to you on level 2 of the Lair of Beasts)

   It affects your dexterity (+4).
   It lets you see invisible.
   It increases damage dealt and taken.
 g - a +4 plate armour of magic resistance (worn)
 t - a +0 pair of boots (worn)
 y - a scarf of resistance (worn)
 F - the +1 pair of gloves "Luh Ucun" {+Fly rElec rN+}
   (Okawaru gifted it to you on level 4 of the Shoals)

   It insulates you from electricity.
   It protects you from negative energy.
   It lets you fly.
 L - a +0 kite shield of reflection
 S - a +2 hat of see invisible (worn)
 W - a +0 pair of gloves of strength (worn)
Jewellery
 m - an uncursed ring of resist corrosion
 r - the ring of Doubts (right hand) {rF- Str+10 Int+3 Stlth+}
   (You took it off a deep elf mage on level 3 of the Elven Halls)

   [ring of stealth]

   It affects your strength (+10).
   It affects your intelligence (+3).
   It makes you vulnerable to fire.
   It makes you more stealthy.
 u - a ring of poison resistance (left hand)
 x - the ring "Xinas" {Wiz rN+}
   (You took it off a fire giant on level 4 of the Vaults)

   [ring of wizardry]

   It improves your spell success rate.
   It protects you from negative energy.
 E - an uncursed ring of protection from fire
 H - an uncursed ring of flight
 T - an amulet of faith (around neck)
Wands
 B - a wand of iceblast (7)
 C - a wand of polymorph (8)
 G - a wand of digging (8)
 I - a wand of random effects (23)
Scrolls
 e - 17 scrolls of identify
 h - 4 scrolls of noise
 i - 8 scrolls of teleportation
 k - 21 scrolls of remove curse
 l - 5 scrolls of blinking
 p - a scroll of fog
 s - 2 scrolls of enchant armour
 w - a scroll of amnesia
 D - 3 scrolls of magic mapping
Potions
 j - a potion of invisibility
 o - 6 potions of flight
 q - 6 potions of haste
 v - 8 potions of curing
 z - a potion of cancellation
 A - 3 potions of resistance
 Q - 9 potions of might
 U - a potion of mutation
 V - 2 potions of berserk rage
Comestibles
 f - 67 rations
 J - 9 chunks of flesh


   Skills:
 + Level 20.3(25.3) Fighting
 + Level 20.9(25.9) Long Blades
 + Level 10.9(15.9) Crossbows
 + Level 18.6(23.6) Armour
 + Level 7.1(12.1) Dodging
 + Level 3.2(8.2) Stealth
 + Level 26.0(27) Shields
 + Level 3.1 Invocations
 + Level 0.8 Evocations


You had 21 spell levels left.
You didn't know any spells.
Your spell library contained the following spells:

 Spells                   Type           Power        Failure   Level  Hunger
 Animate Skeleton         Necr           N/A          75%         1    ##.....
 Apportation              Tloc           #.....       75%         1    ##.....
 Beastly Appendage        Tmut           #.....       75%         1    ##.....
 Corona                   Hex            #......      75%         1    ##.....
 Freeze                   Ice            #...         75%         1    ##.....
 Pain                     Necr           #...         75%         1    ##.....
 Sandblast                Erth           #.....       75%         1    ##.....
 Shock                    Conj/Air       #...         75%         1    ##.....
 Summon Small Mammal      Summ           #...         75%         1    ##.....
 Blink                    Tloc           N/A          86%         2    ###....
 Call Imp                 Summ           #.......     86%         2    ###....
 Ensorcelled Hibernation  Hex/Ice        #.....       86%         2    ###....
 Passwall                 Tmut/Erth      #.......     86%         2    ###....
 Poisonous Vapours        Pois/Air       #.....       86%         2    ###....
 Shroud of Golubria       Chrm/Tloc      #.....       86%         2    ###....
 Slow                     Hex            #.......     86%         2    ###....
 Call Canine Familiar     Summ           #.......     98%         3    ####...
 Confusing Touch          Hex            #.......     98%         3    ####...
 Conjure Flame            Conj/Fire      #.......     98%         3    ####...
 Dazzling Flash           Conj/Hex       #.....       98%         3    ####...
 Frozen Ramparts          Ice            #.....       98%         3    ####...
 Gell's Gravitas          Tloc           #.........   98%         3    ####...
 Inner Flame              Hex/Fire       #.......     98%         3    ####...
 Lesser Beckoning         Tloc           #.........   98%         3    ####...
 Mephitic Cloud           Conj/Pois/Air  #.......     98%         3    ####...
 Ozocubu's Armour         Chrm/Ice       #.......     98%         3    ####...
 Portal Projectile        Hex/Tloc       #.....       98%         3    ####...
 Static Discharge         Conj/Air       #.......     98%         3    ####...
 Stone Arrow              Conj/Erth      #.....       98%         3    ####...
 Summon Guardian Golem    Hex/Summ       #.......     98%         3    ####...
 Teleport Other           Tloc           #.......     98%         3    ####...
 Tukima's Dance           Hex            #.......     98%         3    ####...
 Vampiric Draining        Necr           #.........   98%         3    ####...
 Animate Dead             Necr           N/A          100%        4    #####..
 Cause Fear               Hex            #.........   100%        4    #####..
 Hailstorm                Conj/Ice       #.......     100%        4    #####..
 Leda's Liquefaction      Hex/Erth       #.........   100%        4    #####..
 Passage of Golubria      Tloc           N/A          100%        4    #####..
 Petrify                  Tmut/Erth      #.......     100%        4    #####..
 Summon Ice Beast         Ice/Summ       #.......     100%        4    #####..
 Summon Lightning Spire   Summ/Air       #.......     100%        4    #####..
 Agony                    Necr           #.......     100%        5    ######.
 Irradiate                Conj/Tmut      #.........   100%        5    ######.
 Lee's Rapid Deconstruct  Erth           #.........   100%        5    ######.
 Lightning Bolt           Conj/Air       #.........   100%        5    ######.
 Metabolic Englaciation   Hex/Ice        #.........   100%        5    ######.
 Yara's Violent Unravell  Hex/Tmut       #.........   100%        5    ######.
 Freezing Cloud           Conj/Ice/Air   #.........   100%        6    #######
 Hydra Form               Tmut           #.........   100%        6    #######
 Statue Form              Tmut/Erth      #........    100%        6    #######
 Dragon Form              Tmut           #.........   100%        7    #######
 Ring of Flames           Chrm/Fire      #.........   100%        7    #######
 Chain Lightning          Conj/Air       #.........   100%        8    #######
 Ignition                 Fire           #.........   100%        8    #######
 Lehudib's Crystal Spear  Conj/Erth      #.........   100%        8    #######
 Absolute Zero            Ice            #.........   100%        9    #######
 Fire Storm               Conj/Fire      #.........   100%        9    #######
 Shatter                  Erth           #.........   100%        9    #######
 Tornado                  Air            #.........   100%        9    #######


Dungeon Overview and Level Annotations

Branches:
Dungeon (15/15)            Temple (1/1) D:7            Lair (6/6) D:8
 Shoals (4/4) Lair:2       Spider (4/4) Lair:2        Slime (0/5) Lair:6
    Orc (2/2) D:9             Elf (3/3) Orc:2        Vaults (5/5) D:14
  Crypt (0/3) Vaults:2     Depths (0/5) D:15          Sewer (visited)
  IceCv (visited)         Volcano (visited)

Altars:
Cheibriados
Gozag
Hepliaklqana
Kikubaaqudgha
Makhleb
Okawaru
Ru
Vehumet
Xom

Shops:
D:10 !   D:11 !   D:14 (   Orc:1 *   Orc:2 [*:(   Elf:2 *   Vaults:3 (
Vaults:4 *

Portals:
Hell: Lair:6

Annotations:
D:3 2 transporters


Innate Abilities, Weirdness & Mutations

You reflexively headbutt those who attack you in melee.
You have a pair of horns on your head.
You are weak. (Str -2)


Message History

You block the shadow dragon's attack.
The two-headed ogre hits you with a +0 dire flail!
* * * LOW HITPOINT WARNING * * *
You block the two-headed ogre's attack.
The tentacled monstrosity tentacle-slaps you.
* * * LOW HITPOINT WARNING * * *
The tentacled monstrosity tentacle-slaps you but does no damage. x2
* * * LOW HITPOINT WARNING * * *
The tentacled monstrosity constricts you!
You feel better.
You block the two-headed ogre's attack. x2
The shadow dragon bites you.
* * * LOW HITPOINT WARNING * * *
The shadow dragon claws you.
* * * LOW HITPOINT WARNING * * *
The shadow dragon claws you.
* * * LOW HITPOINT WARNING * * *
The flayed ghost cries, "Feel what I felt!"
The tentacled monstrosity barely misses you.
The tentacled monstrosity tentacle-slaps you!
You die...

# #. #..###
....# #..##
#.C# ##D# #@#
#...C.COXOO.W..
.......OO.99...
..#############


You could see a shadow dragon, a tentacled monstrosity, a frost giant, a stone
giant, a flayed ghost, 4 two-headed ogres, 2 war gargoyles, a cyclops shaped
shifter (very poisoned) and an ogre.

Vanquished Creatures
  Mara (Vaults:3)
  Sojobo (Vaults:4)
  Nikola (Shoals:3)
  A tentacled monstrosity (Vaults:5)
  Jorgrun (D:14)
  2 deep elf master archers (Elf:3)
  An ancient champion (Vaults:2)
  A tentacled starspawn (Abyss:2)
  A deep elf blademaster (Elf:3)
  Kirke (Shoals:3)
  A sphinx (Vaults:4)
  2 shadow dragons
  6 tengu reavers
  Donald (Shoals:1)
  Roxanne (D:14)
  2 fire giants (Vaults:4)
  7 deep elf sorcerers
  12 vault wardens
  A cacodemon (Abyss:2)
  4 frost giants
  6 ghost moths
  A ghoul (Vaults:2)
  7 emperor scorpions
  4 orc warlords
  A reaper (IceCv)
  A very ugly thing (Vaults:4)
  10 deep elf elementalists (Elf:3)
  4 deep elf demonologists
  7 stone giants
  13 ironheart preservers
  Nessos (Lair:4)
  An entropy weaver (shapeshifter) (Elf:2)
  5 entropy weavers
  6 deep elf annihilators (Elf:3)
  Azrael (D:14)
  5 spark wasps
  Snorg (D:11)
  4 ettins
  6 deep elf death magi
  2 merfolk javelineers (Shoals:4)
  4 deep elf high priests
  4 fire dragons
  4 yaktaur captains
  2 great orbs of eyes
  10 merfolk impalers
  6 ogre magi
  2 rakshasas
  10 hydras
  An ice dragon (D:15)
  31 vault guards
  4 death knights
  A catoblepas (D:13)
  4 merfolk aquamancers
  2 satyrs (Shoals:2)
  4 centaur warriors
  21 dancing weapons
  An alligator snapping turtle (Shoals:1)
  16 death yaks
  2 thrashing horrors (Abyss:2)
  A deep troll earth mage (D:13)
  A tengu warrior (D:14)
  18 two-headed ogres
  2 orc high priests (Orc:2)
  23 deep elf knights
  A skeletal warrior (Vaults:4)
  5 hell knights (Abyss:2)
  A shadow wraith (Vaults:2)
  A spatial maelstrom (Abyss:2)
  2 sixfirhies
  An unseen horror (shapeshifter) (D:14)
  3 unseen horrors
  5 sea snakes
  A lindwurm (shapeshifter) (Vaults:3)
  2 flayed ghosts
  A glowing orange brain (Vaults:2)
  4 wizards
  2 phantasmal warriors
  11 deep elf archers
  A deep troll (Vaults:4)
  2 lindwurms (Volcano)
  A harpy (shapeshifter) (D:14)
  15 ironbrand convokers
  20 harpies
  A wolf spider zombie (D:14)
  11 orc knights
  23 wolf spiders
  23 orb spiders
  2 necromancers
  8 manticores
  7 fauns
  61 deep elf magi
  8 cyclopes
  25 ugly things
  A shadow dragon skeleton (Abyss:2)
  A moth of wrath (Spider:4)
  2 orc sorcerers
  8 slime creatures
  A human skeleton (Vaults:4)
  A frost giant zombie (Vaults:4)
  Joseph (D:8)
  4 orange demons
  8 elephants (Lair:6)
  8 vault sentinels
  An eye of devastation (Lair:6)
  2 ice statues (IceCv)
  A smoke demon (Lair:6)
  2 black mambas (shapeshifter)
  Maggie (D:9)
  5 water nymphs
  A black mamba (Lair:5)
  4 centaur skeletons
  6 rime drakes
  3 torpor snails
  5 molten gargoyles (Volcano)
  A spiny frog (shapeshifter) (Vaults:1)
  9 komodo dragons
  4 efreet
  A kobold demonologist (D:11)
  14 yaktaurs
  10 spiny frogs
  11 demonic crawlers
  11 freezing wraiths
  12 ice devils
  A red devil (Lair:6)
  17 merfolk
  A meliai (shapeshifter) (Vaults:2)
  38 jumping spiders
  11 trolls
  A polar bear (Lair:6)
  3 wind drakes
  13 snapping turtles
  4 hornets
  A hornet (shapeshifter) (D:15)
  10 dream sheep
  29 blink frogs
  9 hippogriffs
  A dream sheep (shapeshifter) (Vaults:4)
  A snapping turtle (shapeshifter) (Elf:2)
  A vampire (D:15)
  19 water elementals
  23 tarantellas
  A ynoxinul (Abyss:2)
  2 shadows
  9 wyverns
  42 yaks
  96 redbacks
  3 hogs (Shoals:3)
  2 hungry ghosts
  11 fire elementals
  5 wraiths
  3 basilisks
  Grum (Lair:1)
  A vampire mosquito (D:14)
  A steam dragon (D:9)
  11 wargs
  A human (shapeshifter) (D:13)
  3 large abominations (Abyss:2)
  2 spatial vortices (Abyss:2)
  Menkaure (D:4)
  A yaktaur simulacrum (Vaults:1)
  A soldier ant (D:14)
  7 hell hounds
  5 porcupines
  A floating eye (shapeshifter) (Elf:3)
  16 water moccasins
  41 orc warriors
  7 ice beasts
  An eye of draining (Lair:6)
  A necrophage (D:14)
  5 sky beasts
  2 black bears
  An ettin simulacrum (Vaults:1)
  4 phantoms
  22 centaurs
  A centaur (shapeshifter) (Vaults:2)
  33 ogres
  14 wolves
  2 boggarts
  2 tengu (shapeshifter) (Vaults:4)
  17 crocodiles
  5 big kobolds
  A bullfrog (shapeshifter) (D:14)
  A wyvern zombie (D:14)
  An earth elemental (Elf:3)
  16 bullfrogs
  9 scorpions
  7 killer bees
  4 wights (D:13)
  3 human simulacra
  5 howler monkeys
  6 electric eels
  5 centaur zombies
  6 crimson imps
  2 bullfrog zombies
  11 jellies
  10 hounds
  2 quasits
  2 bullfrog skeletons
  18 orc priests
  29 orc wizards
  4 iguanas
  20 worker ants
  12 merfolk sirens
  5 merfolk avatars
  A hound zombie (D:6)
  A worker ant zombie (D:6)
  A howler monkey skeleton (D:10)
  22 adders
  4 river rats (Sewer)
  4 shadow imps
  6 white imps (IceCv)
  6 ufetubi
  2 oozes (D:1)
  An ooze (shapeshifter) (Abyss:2)
  An adder zombie (D:9)
  An adder skeleton (D:5)
  4 worms
  2 dart slugs
  9 leopard geckos
  95 orcs
  8 giant cockroaches
  6 goblins
  9 hobgoblins
  17 kobolds
  6 quokkas
  4 ball pythons
  5 bats (D:3)
  12 frilled lizards
  A jackal skeleton (D:7)
  A jackal zombie (D:6)
  An orc zombie (Abyss:2)
  28 rats
  A fire vortex (Volcano)
  3 fungi
1703 creatures vanquished.

Vanquished Creatures (others)
  A deep elf annihilator (Elf:3)
  A deep elf knight (Elf:2)
  A merfolk siren (Shoals:3)
  A molten gargoyle (Volcano)
  A merfolk (Shoals:3)
  A snapping turtle (Shoals:3)
  A redback (Vaults:5)
  A jelly (Abyss:2)
  4 white imps (IceCv)
  5 ufetubi
  A fire vortex (Volcano)
  34 fungi
  A lurking horror (Abyss:2)
  8 plants
  6 starspawn tentacles (Abyss:2)
  3 toadstools (D:4)
70 creatures vanquished.

Grand Total: 1773 creatures vanquished

Notes
Turn   | Place    | Note
-------+----------+-------------------------------------------
     0 | D:1      | Peloso the Minotaur Fighter began the quest for the Orb.
     0 | D:1      | Reached XP level 1. HP: 19/19 MP: 0/0
   350 | D:1      | Reached XP level 2. HP: 23/27 MP: 1/1
   857 | D:2      | Reached skill level 4 in Shields
   857 | D:2      | Reached XP level 3. HP: 23/34 MP: 2/2
  1401 | D:2      | Reached XP level 4. HP: 40/41 MP: 3/3
  2053 | D:3      | Found a glowing drain.
  2065 | Sewer    | Entered a sewer
  2122 | Sewer    | Reached skill level 1 in Dodging
  2122 | Sewer    | Reached XP level 5. HP: 47/47 MP: 4/4
  2356 | Sewer    | Reached skill level 5 in Fighting
  2549 | Sewer    | Reached skill level 5 in Shields
  2861 | Sewer    | Reached XP level 6. HP: 39/56 MP: 5/5
  3076 | D:3      | Found a transporter.
  3078 | D:3      | Found a transporter.
  3667 | D:4      | Found a shimmering altar of Xom.
  3769 | D:4      | Reached skill level 5 in Long Blades
  3793 | D:4      | Noticed Menkaure
  3804 | D:4      | Killed Menkaure
  3804 | D:4      | Reached skill level 5 in Armour
  3804 | D:4      | Reached XP level 7. HP: 10/61 MP: 6/6
  4079 | D:4      | Got a smelly scale mail
  4096 | D:4      | Identified the cursed +0 scale mail of Dishonesty {rPois}
                  | (You found it on level 4 of the Dungeon)
  4862 | D:4      | You fall into a shaft and drop 2 floors!
  4885 | D:5      | Entered Level 5 of the Dungeon
  4941 | D:5      | Reached skill level 6 in Shields
  5111 | D:5      | Reached XP level 8. HP: 67/70 MP: 7/7
  5343 | D:5      | Reached skill level 1 in Crossbows
  6734 | D:7      | Reached skill level 7 in Shields
  6734 | D:7      | Reached XP level 9. HP: 79/79 MP: 8/8
  6895 | D:7      | Reached skill level 1 in Stealth
  6911 | D:7      | Found a staircase to the Ecumenical Temple.
  6926 | Temple   | Entered the Ecumenical Temple
  7013 | Temple   | Became a worshipper of Warmaster Okawaru
  7974 | D:8      | Killed an unseen horror
  7974 | D:8      | Reached * piety under Okawaru
  7974 | D:8      | Reached skill level 8 in Shields
  8177 | D:8      | Noticed Joseph
  8204 | D:8      | Killed Joseph
  8204 | D:8      | Reached ** piety under Okawaru
  8204 | D:8      | Reached XP level 10. HP: 74/89 MP: 6/9
  8229 | D:8      | Got a dazzling quarterstaff
  8231 | D:8      | Identified the +8 quarterstaff "Abuihev" {chaos, rF+ rC+}
                  | (You found it on level 8 of the Dungeon)
  8286 | D:8      | Found a staircase to the Lair.
  8800 | D:8      | Reached skill level 10 in Long Blades
  8825 | D:8      | Reached skill level 9 in Shields
  8988 | D:8      | Noticed a three-headed hydra
  8993 | D:8      | Killed a one-headed hydra
  8993 | D:8      | Reached *** piety under Okawaru
  8993 | D:8      | Reached skill level 1 in Invocations
  9538 | D:9      | Found a staircase to the Orcish Mines.
  9566 | D:9      | Noticed a two-headed ogre
  9583 | D:9      | Killed a two-headed ogre
  9583 | D:9      | Reached skill level 10 in Shields
  9632 | D:9      | Reached **** piety under Okawaru
  9862 | D:9      | Noticed Maggie
  9923 | D:9      | Killed Maggie
  9956 | D:9      | Got a fine cloak
  9967 | D:9      | Identified the +1 cloak of the Monkey {Regen+} (You found
                  | it on level 9 of the Dungeon)
 10119 | D:9      | Got a warped quarterstaff
 10120 | D:9      | Identified the +9 quarterstaff of Gis Cyock {elec, rC+}
                  | (You found it on level 9 of the Dungeon)
 10149 | D:10     | Entered Level 10 of the Dungeon
 10266 | D:10     | Reached XP level 11. HP: 94/97 MP: 8/10
 10438 | D:10     | Noticed a two-headed ogre
 10458 | D:10     | Killed a two-headed ogre
 10458 | D:10     | Reached skill level 10 in Armour
 10568 | D:10     | Reached ***** piety under Okawaru
 10634 | D:10     | Reached skill level 11 in Shields
 10833 | D:10     | Found Zilac's Distillery.
 10935 | D:10     | Bought a potion of mutation for 128 gold pieces
 10935 | D:10     | Bought 2 potions of might for 128 gold pieces
 11240 | D:11     | Identified a scroll of acquirement
 11257 | D:11     | Noticed a deep elf mage
 11271 | D:11     | Noticed Snorg
 11288 | D:11     | Noticed a five-headed hydra
 11290 | D:11     | Found a frozen archway.
 11297 | D:11     | Noticed a sixfirhy
 11300 | D:11     | Noticed a green ugly thing
 11303 | IceCv    | Entered an ice cave
 12623 | IceCv    | Noticed a reaper
 12638 | IceCv    | Killed a reaper
 12638 | IceCv    | Reached skill level 10 in Fighting
 12638 | IceCv    | Reached skill level 12 in Shields
 12947 | D:11     | Reached XP level 12. HP: 106/106 MP: 9/12
 12977 | D:11     | Killed a two-headed hydra
 13007 | D:11     | Received a gift from Okawaru
 13136 | D:11     | Killed Snorg
 13156 | D:11     | Received a gift from Okawaru
 13178 | D:11     | Got an ichor-stained hat {god gift}
 13184 | D:11     | Identified the +1 hat of Paurawaf {-Tele Int+8 SInv}
                  | (Okawaru gifted it to you on level 11 of the Dungeon)
 13306 | D:11     | Reached skill level 13 in Shields
 13363 | D:11     | Found Peifuac's Distillery.
 13395 | D:11     | Bought a potion of heal wounds for 70 gold pieces
 13395 | D:11     | Bought a potion of cancellation for 112 gold pieces
 13642 | D:12     | Found an opulent altar of Gozag.
 13780 | D:12     | Noticed a two-headed ogre
 13788 | D:12     | Killed a two-headed ogre
 13872 | D:12     | Noticed an eight-headed hydra
 13885 | D:12     | Killed a one-headed hydra
 14449 | Lair:1   | Entered Level 1 of the Lair of Beasts
 15073 | Lair:1   | Noticed Grum
 15095 | Lair:1   | Killed Grum
 15481 | Lair:2   | Reached XP level 13. HP: 101/116 MP: 10/13
 15487 | Lair:2   | Reached ****** piety under Okawaru
 15717 | Lair:2   | Found a staircase to the Shoals.
 15790 | Lair:2   | Reached skill level 14 in Shields
 16010 | Lair:2   | Received a gift from Okawaru
 16026 | Lair:2   | Got a faintly glowing tower shield {god gift}
 16032 | Lair:2   | Identified the +1 tower shield of Pandemonium {Harm Dex+4
                  | SInv} (Okawaru gifted it to you on level 2 of the Lair of
                  | Beasts)
 16065 | Lair:2   | Found a hole to the Spider Nest.
 16122 | Lair:2   | You fall into a shaft and drop 1 floor!
 16196 | Lair:3   | Found a dark tunnel.
 16204 | Volcano  | Entered a volcano
 16289 | Volcano  | Reached skill level 15 in Long Blades
 16840 | Volcano  | HP: 3/116 [lindwurm (11)]
 17329 | Lair:3   | Found a snail-covered altar of Cheibriados.
 19034 | Orc:1    | Entered Level 1 of the Orcish Mines
 19161 | Orc:2    | Entered Level 2 of the Orcish Mines
 19161 | Orc:2    | Found a staircase to the Elven Halls.
 19171 | Orc:2    | Noticed an orc warlord
 19172 | Orc:2    | Found Lekoitt's Antique Armour Boutique.
 19188 | Orc:2    | Received a gift from Okawaru
 19503 | Orc:1    | Killed an orc warlord
 19544 | Orc:2    | Noticed an orc warlord
 19549 | Orc:2    | Noticed an orc warlord
 19588 | Orc:1    | Killed an orc warlord
 19588 | Orc:1    | Reached skill level 15 in Shields
 19725 | Orc:1    | Killed an orc warlord
 19746 | Orc:2    | Reached XP level 14. HP: 113/127 MP: 12/15
 19806 | Orc:2    | Noticed an orc warlord
 19855 | Orc:2    | Killed an orc warlord
 19976 | Orc:2    | Bought a faintly humming chain mail for 351 gold pieces
 19987 | Orc:2    | Identified the +5 chain mail of Darkness {Int+4} (You
                  | bought it in a shop on level 2 of the Orcish Mines)
 20051 | Orc:2    | Noticed a stone giant
 20091 | Orc:2    | Killed a stone giant
 20314 | Orc:2    | Found Woommepn's General Store.
 20366 | Orc:2    | Found Uroamoi's Antique Weapon Boutique.
 20384 | Orc:2    | Found Cetoeph's Book Emporium.
 20847 | Lair:3   | Acquired 650 gold pieces
 21026 | Orc:2    | Bought a scroll of acquirement for 884 gold pieces
 21048 | Orc:1    | Found Huisug's Humungous Hoard.
 21064 | Orc:1    | Received a gift from Okawaru
 21290 | Orc:1    | Acquired 730 gold pieces
 21295 | Orc:1    | Bought the +9 hand crossbow "Jisi Negola" {elec, rC+ MR-
                  | Str+10} for 1352 gold pieces
 21967 | D:13     | Reached skill level 16 in Shields
 22130 | D:13     | Identified the +2 robe of Winter {MR+ Str+3 Dex+3}
 22641 | D:14     | Found Ilas Oho's Weapon Emporium.
 22680 | D:14     | Found a gate to the Vaults.
 22935 | D:14     | Noticed Roxanne
 22953 | D:14     | Killed Roxanne
 22953 | D:14     | Received a gift from Okawaru
 23045 | D:14     | Noticed Azrael
 23046 | D:14     | Noticed Jorgrun
 23064 | D:14     | Killed Jorgrun
 23072 | D:14     | Killed Azrael
 23643 | D:14     | Reached XP level 15. HP: 136/136 MP: 14/16
 23965 | D:14     | Reached skill level 17 in Shields
 24103 | D:15     | Entered Level 15 of the Dungeon
 24765 | D:15     | Received a gift from Okawaru
 24771 | D:15     | Got an ebony long sword {god gift}
 24772 | D:15     | Identified the +0 long sword "Wumpih" {vorpal, Dex+7}
                  | (Okawaru gifted it to you on level 15 of the Dungeon)
 24780 | D:15     | Found a staircase to the Depths.
 26133 | Lair:4   | Noticed Nessos
 26143 | Lair:4   | Killed Nessos
 28077 | Lair:6   | Entered Level 6 of the Lair of Beasts
 28102 | Lair:6   | Found a staircase to the Slime Pits.
 28175 | Lair:6   | Received a gift from Okawaru
 28259 | Lair:6   | Reached skill level 5 in Crossbows
 28574 | Lair:6   | Reached skill level 18 in Shields
 28594 | Lair:6   | Reached XP level 16. HP: 68/147 MP: 10/17
 28618 | Lair:6   | Reached skill level 15 in Armour
 28654 | Lair:6   | Reached skill level 5 in Dodging
 29651 | Lair:6   | Found a burning altar of Makhleb.
 29661 | Lair:6   | Received a gift from Okawaru
 29699 | Lair:6   | Reached skill level 15 in Fighting
 29725 | Lair:6   | Found a gateway to Hell.
 29733 | Lair:6   | Found the ring of Phasing {EV+8}
 30520 | Shoals:1 | Entered Level 1 of the Shoals
 30651 | Elf:1    | Entered Level 1 of the Elven Halls
 30733 | Elf:1    | Found a radiant altar of Vehumet.
 31946 | Elf:1    | Received a gift from Okawaru
 32839 | Elf:2    | Found a runed translucent gate.
 32839 | Elf:2    | Found a runed translucent gate.
 32842 | Elf:2    | Found a runed translucent gate.
 33143 | Elf:2    | Reached skill level 19 in Shields
 33296 | Elf:2    | Found Jophez's Assorted Antiques.
 33683 | Elf:3    | Entered Level 3 of the Elven Halls
 34166 | Elf:3    | Reached XP level 17. HP: 156/156 MP: 18/18
 34826 | Elf:3    | Noticed a deep elf blademaster
 34828 | Elf:3    | Killed a deep elf blademaster
 34828 | Elf:3    | Received a gift from Okawaru
 35004 | Elf:3    | Noticed a deep elf master archer
 35005 | Elf:3    | Identified the +8 flail "Maips" {speed, Dex+8}
 35005 | Elf:3    | Identified the +0 scale mail of Cacenur {MR+}
 35012 | Elf:3    | Killed a deep elf master archer
 35847 | Elf:3    | Identified the +3 scimitar of Doors {freeze, *Corrode rPois
                  | Int+4}
 35877 | Elf:3    | Noticed a Hell Sentinel
 35880 | Elf:3    | Noticed a Tzitzimitl
 35892 | Elf:3    | Received a gift from Okawaru
 36184 | Elf:3    | HP: 7/158 [deep elf annihilator/bolt of lightning (40)]
 36375 | Elf:3    | Received a gift from Okawaru
 37717 | Elf:3    | Identified the ring of Doubts {rF- Str+10 Int+3 Stlth+}
 37729 | Elf:3    | Noticed a deep elf master archer
 37739 | Elf:3    | Killed a deep elf master archer
 37739 | Elf:3    | Reached skill level 10 in Crossbows
 37761 | Elf:3    | Identified the cursed +0 bardiche of Division {speed, +Inv}
 37762 | Elf:3    | Identified the +0 robe "Lutonofu" {Harm *Slow Int+4}
 37763 | Elf:3    | Cast into level 2 of the Abyss (a deep elf sorcerer)
 37795 | Abyss:2  | Gained mutation: You are weak. (Str -2) [a neqoxec]
 37926 | Abyss:2  | Found a corrupted altar of Lugonu.
 38103 | Abyss:2  | Noticed a bone dragon
 38367 | Abyss:2  | Reached skill level 20 in Shields
 38423 | Abyss:2  | Received a gift from Okawaru
 38431 | Abyss:2  | Got an ebony triple sword {god gift}
 38441 | Elf:3    | Escaped the Abyss
 38457 | Elf:3    | Noticed a Hell Sentinel
 39744 | Elf:2    | Reached XP level 18. HP: 146/168 MP: 19/19
 40109 | Elf:2    | Received a gift from Okawaru
 40146 | Elf:2    | Got a faintly humming plate armour {god gift}
 40147 | Elf:2    | Identified the +7 plate armour of Cosots {Harm rF+ Int+4}
                  | (Okawaru gifted it to you on level 2 of the Elven Halls)
 40749 | Lair:3   | Identified the +1 triple sword of Tenacity {vamp, rF+ Int+4
                  | SInv} (Okawaru gifted it to you on level 2 of the Abyss)
 40868 | Spider:1 | Entered Level 1 of the Spider Nest
 40879 | Spider:1 | You fall into a shaft and drop 1 floor!
 42258 | Spider:1 | Reached skill level 21 in Shields
 44227 | Spider:3 | Received a gift from Okawaru
 44548 | Spider:3 | Got a smoking broad axe
 44551 | Spider:3 | Got a polished scale mail
 44662 | Spider:3 | Identified the +6 broad axe of Untimely Demise {venom, +Inv
                  | MR+ SInv} (You found it on level 3 of the Spider Nest)
 44665 | Spider:3 | Identified the cursed +0 scale mail of Henotheism {rElec
                  | Str-3 Int+6} (You found it on level 3 of the Spider Nest)
 45136 | Spider:4 | Entered Level 4 of the Spider Nest
 45481 | Spider:4 | Reached XP level 19. HP: 169/177 MP: 20/20
 46013 | Spider:4 | Reached skill level 22 in Shields
 46036 | Spider:4 | Received a gift from Okawaru
 46384 | Spider:4 | Got a gossamer rune of Zot
 46939 | Shoals:1 | Noticed Donald
 46954 | Shoals:1 | Killed Donald
 48237 | Shoals:3 | Identified the +1 pair of gloves of Complete Protection
                  | {rElec MR- Str+3 Dex+5}
 48237 | Shoals:3 | Noticed Nikola
 48251 | Shoals:3 | Killed Nikola
 48868 | Shoals:3 | Noticed Kirke
 48874 | Shoals:3 | Killed Kirke
 49208 | Shoals:4 | Entered Level 4 of the Shoals
 49274 | Shoals:4 | Received a gift from Okawaru
 49784 | Shoals:4 | Reached skill level 23 in Shields
 49881 | Shoals:4 | Received a gift from Okawaru
 50373 | Shoals:4 | Received a gift from Okawaru
 51013 | Shoals:4 | Reached XP level 20. HP: 141/189 MP: 21/21
 51050 | Shoals:4 | Got a barnacled rune of Zot
 51307 | Shoals:4 | Received a gift from Okawaru
 51310 | Shoals:4 | Got a pair of scorched gloves {god gift}
 51311 | Shoals:4 | Identified the +1 pair of gloves "Luh Ucun" {+Fly rElec
                  | rN+} (Okawaru gifted it to you on level 4 of the Shoals)
 51870 | Vaults:1 | Entered Level 1 of the Vaults
 52145 | Vaults:1 | Found a flickering gateway to a bazaar.
 52161 | Bazaar   | Entered a bazaar
 52161 | Bazaar   | Found Ubbasoocw's General Store.
 52179 | Bazaar   | Found Abaux's Magic Scroll Boutique.
 52190 | Bazaar   | Found Ohorauz's Antique Armour Emporium.
 52198 | Bazaar   | Found Micur's Jewellery Emporium.
 52209 | Bazaar   | Found Duynifao's Antique Weapon Boutique.
 52228 | Bazaar   | Bought a potion of mutation for 96 gold pieces
 52228 | Bazaar   | Bought a potion of heal wounds for 60 gold pieces
 52248 | Bazaar   | Bought a scroll of blinking for 90 gold pieces
 52248 | Bazaar   | Bought a scroll of brand weapon for 240 gold pieces
 52449 | Vaults:1 | Identified the Compendium of Cloudy Transformation
 53624 | Vaults:2 | Reached skill level 24 in Shields
 53642 | Vaults:2 | Received a gift from Okawaru
 53960 | Vaults:2 | Found a staircase to the Crypt.
 54608 | Vaults:2 | Received a gift from Okawaru
 56222 | Vaults:3 | Found Lomexzit's Antique Weapon Shoppe.
 56269 | Vaults:3 | Noticed Mara
 56291 | Vaults:3 | Noticed Peloso's illusion
 56294 | Vaults:3 | Killed Mara
 56562 | Vaults:3 | You fall into a shaft and drop 1 floor!
 56596 | Vaults:4 | Received a gift from Okawaru
 56741 | Vaults:4 | Reached XP level 21. HP: 155/198 MP: 22/22
 56752 | Vaults:4 | Noticed Sojobo
 56764 | Vaults:4 | HP: 9/198 [Sojobo/+2 great sword of electrocution (27)]
 56766 | Vaults:4 | HP: 4/198 [freezing wraith[a death knight] (13)]
 56772 | Vaults:4 | Killed Sojobo
 57132 | Vaults:4 | Found Ologh's Assorted Antiques.
 57748 | Vaults:3 | Reached skill level 25 in Shields
 57753 | Vaults:3 | Received a gift from Okawaru
 58038 | Vaults:3 | Received a gift from Okawaru
 59560 | Vaults:4 | Received a gift from Okawaru
 60181 | Vaults:5 | Entered Level 5 of the Vaults
 60189 | Vaults:4 | Received a gift from Okawaru
 60227 | Vaults:4 | Got a black opal-studded ring mail {god gift}
 61481 | Vaults:5 | Received a gift from Okawaru
 61482 | Vaults:5 | Identified the ring "Xinas" {Wiz rN+}
 61493 | Vaults:4 | Reached XP level 22. HP: 209/209 MP: 23/23
 61645 | Vaults:4 | Reached skill level 26 in Shields
 61847 | Vaults:5 | HP: 3/209 [tentacled monstrosity (8)]
 61848 | Vaults:5 | HP: 1/209 [shadow dragon (6)]
 61848 | Vaults:5 | Mangled by a tentacled monstrosity

Illustrated notes

Levels and vault maps discovered:
D:1:      onia_arrival_mini_spirals, layout_basic, serial_bayou_pond_d
D:2:      layout_rooms, minmay_randomly_rotated_circles
D:3:      gammafunk_wand_slinger, layout_basic, first_ration,
          cheibrodos_sewer_entry_sluice
D:4:      layout_basic, lemuel_doored_altar, minmay_gold_behind_fungi,
          minmay_close_crescents, uniq_menkaure
D:5:      layout_cave_pools
D:6:      layout_basic
D:7:      minmay_blocky_corners, layout_basic, minmay_temple_entry_glassed_door
D:8:      layout_basic, lair_entry_dummy, hangedman_ranch
          [blue_anna_fruit_fields], minmay_sticks_and_stones
D:9:      layout_rooms, orc_0_dummy, kennysheep_big_empty_room,
          hangedman_minor_gate_pass, uniq_maggie
D:10:     layout_long_grid, serial_shops, nicolae_shop_statue_plus,
          grunt_tough_drop
D:11:     layout_cross, serial_shops,
          nicolae_shop_temple_entry_statues_fountains,
          portal_ice_cave_entry_pillars_1, uniq_snorg
D:12:     layout_long_grid, nicolae_gozag_seed_capital
D:13:     minmay_mutant_horseshoe, layout_rooms
D:14:     kennysheep_windowed_halls, layout_irregular_city, david_vaults_2,
          serial_shops, nicolae_shop_temple_entry_statues_fountains,
          minivault_11, uniq_azrael, uniq_roxanne, uniq_jorgrun
D:15:     grunt_enter_depths_hoard, layout_basic, nooodl_food_tri
Temple:   minmay_crystal_snake_temple
Lair:1:   layout_chaotic_city, grunt_megastairs_3, uniq_grum
Lair:2:   layout_cave_pods, shoals_dummy_entry,
          nicolae_spider_entry_non_spiders, grunt_megastairs_1
Lair:3:   layout_hall_layers, enter_volcano_2, kennysheep_snail_temple
Lair:4:   layout_cave_pods, serial_bayou_lagoon_a, minivault_24,
          beast_lair_carwin_4, uniq_nessos
Lair:5:   layout_gridlike, chequers_serial_rivers_room_a
Lair:6:   evil_forest, layout_cellular_growth, minmay_slime_entry_eyes,
          serial_bayou_shore_a, lemuel_fruit_tree
Shoals:1: layout_shoals, nicolae_shoals_loop_pool, uniq_donald
Shoals:2: layout_shoals
Shoals:3: layout_shoals, uniq_kirke, uniq_nikola
Shoals:4: shoals_end_grunt_ice, layout_shoals
Spider:1: layout_chambers
Spider:2: layout_spider_delve
Spider:3: nicolae_spider_mines_1
Spider:4: grunt_spider_rune_circles
Orc:1:    layout_diamond_mine, nicolae_alphabet_shops
Orc:2:    grunt_orc_gardens, layout_diamond_mine, grunt_orc_garden,
          grunt_orc_garden, grunt_orc_garden, grunt_orc_garden
Elf:1:    eino_elf_arrival_altar, layout_gridlike,
          kennysheep_underground_church, roderic_lattice_octagonal_star
Elf:2:    layout_loops_cross, serial_shops, shop
Elf:3:    minmay_elf_hall_spiked, layout_loops_cross
Vaults:1: vaults_room_ringed_pool, vaults_room_hangedman_quadrants,
          vaults_room_large_hall, vaults_mumra_minichess_inversion,
          nicolae_vaults_rhombus_6, layout_vaults_quadrants, serial_shops,
          bzr_in_the_mist
Vaults:2: hangedman_vaults_capsules, minmay_crypt_entry_simple_corners,
          nicolae_vaults_little_squares_5, v_misc_18, grunt_vaults_hallway_long,
          nicolae_vaults_network_star, nicolae_vaults_mini_display_case,
          v_rooms_6, vaults_standard_mumra_x, vaults_room_guarded_vault,
          vaults_dpeg_cross, vaults_room_large_hall,
          ontoclasm_vaults_misaligned, ontoclasm_vaults_loading_screen,
          layout_vaults_omnicross
Vaults:3: nicolae_vaults_puzzle_piece, ontoclasm_vaults_decontamination,
          ontoclasm_vaults_water_temple, v_misc_12, v_misc_30,
          ontoclasm_vaults_gateway, nicolae_vaults_three_branches,
          nicolae_vaults_little_squares_3, v_alt_pattern_5, v_misc_29,
          grunt_vaults_diagonal, vaults_room_hallway, layout_vaults_omnibox,
          serial_shops, shop, uniq_mara
Vaults:4: nicolae_vaults_border_crossing, nicolae_vaults_branching_niches,
          grunt_vaults_hallway_short, v_misc_28, ontoclasm_vaults_pinch,
          v_misc_13, v_rooms_5, grunt_vaults_hallway_short,
          vaults_room_stairs_pillars, vaults_dpeg_ring,
          layout_vaults_chaotic_city, serial_shops, shop_fountains, uniq_sojobo
Vaults:5

Skill      XL: |  1  2  3  4  5  6  7  8  9 10 11 12 13 14 15 16 17 18 19 20 21 22 |
---------------+-------------------------------------------------------------------+-----
Armour         | 4 5 6 8 9 10 11 13 14 15 16 17 18 | 18.6
Fighting       | 4 5 7 8 9 10 11 12 13 14 15 16 17 18 19 20 | 20.3
Shields        | 4 5 6 7 8 10 12 13 15 16 18 19 20 21 23 24 25 26 | 26.0
Long Blades    | 3 4 5 7 8 9 11 13 14 15 16 17 18 19 20 | 20.9
Dodging        | 1 2 3 4 5 6 7 |  7.1
Crossbows      | 1 4 5 7 10 | 10.9
Stealth        | 1 2 3 |  3.2
Invocations    | 1 2 3 |  3.1
Evocations     | |  0.8

Action                   |  1- 3 |  4- 6 |  7- 9 | 10-12 | 13-15 | 16-18 | 19-21 | 22-24 || total
-------------------------+-------+-------+-------+-------+-------+-------+-------+-------++-------
Melee: Long sword        |    75 |       |       |       |       |       |       |       ||    75
       Headbutt          |    11 |    22 |    77 |   234 |   409 |   327 |   455 |    15 ||  1550
       Falchion          |    15 |   207 |   299 |   578 |       |       |       |       ||  1099
       Demon blade       |       |       |       |   327 |  1138 |   542 |       |       ||  2007
       Scimitar          |       |       |       |       |    90 |    11 |       |       ||   101
       Double sword      |       |       |       |       |       |   431 |  1351 |    60 ||  1842
 Fire: Hand crossbow     |       |     3 |     6 |       |    68 |   315 |    84 |     5 ||   481
Invok: Heroism           |       |       |     1 |    18 |     8 |       |     5 |     2 ||    34
       Finesse           |       |       |       |       |       |       |     1 |       ||     1
Evoke: Wand              |       |       |       |     9 |       |       |       |       ||     9
  Use: Scroll            |     2 |     4 |     8 |     6 |    11 |    20 |     8 |     1 ||    60
       Potion            |     2 |     3 |       |     2 |     4 |     8 |     8 |     1 ||    28
 Stab: Distracted        |       |       |       |       |       |       |     1 |       ||     1
  Eat: Chunk             |     2 |     8 |    12 |    17 |    36 |    43 |    49 |     1 ||   168
       Ration            |       |       |     1 |     2 |     2 |     3 |     1 |       ||     9
Armor: Scale mail        |    37 |    73 |    25 |       |       |       |       |       ||   135
       Plate armour      |       |       |    80 |   316 |   318 |   418 |   356 |    44 ||  1532
Dodge: Dodged            |    28 |    50 |    65 |   253 |   210 |   296 |   338 |    37 ||  1277
Block: Kite shield       |    49 |   126 |   131 |   554 |    38 |       |       |       ||   898
       Tower shield      |       |       |       |       |  1097 |  1316 |  1845 |   148 ||  4406
       Rpst.: Long sword |     6 |       |       |       |       |       |       |       ||     6
       Falchion          |     2 |    17 |    18 |    43 |       |       |       |       ||    80
       Demon blade       |       |       |       |    22 |    41 |    12 |       |       ||    75
       Scimitar          |       |       |       |       |     3 |       |       |       ||     3
       Double sword      |       |       |       |       |       |    29 |    69 |     3 ||   101
